[Event "43rd Guernsey Festival 2017"]
[Site "Vale"]
[Date "2017.10.20"]
[Round "6"]
[White "O`Connell, Denis"]
[Black "Turner, Joseph David"]
[Result "1/2-1/2"]
[ECO "B07"]
[WhiteElo "1722"]
[BlackElo "1888"]
[Annotator "NA RC"]
[PlyCount "113"]
[EventDate "2017.??.??"]
[EventType "swiss"]
[EventCountry "GCI"]
[SourceTitle "playchess.com"]
[Source "ChessBase"]
[SourceQuality "1"]
[TimeControl "40/6000+30:2400+30"]

1. e4 d6 2. d4 Nf6 3. Nc3 g6 4. Be3 b6 {[%emt 0:02:25] B07: Pirc Defence: Miscellaneous Systems} (4... Bg7 $14) (4... a6 5. f3 b5 6. Qd2 Nbd7 7. O-O-O Nb6 8. g4 h5 9. g5 Nfd7 10. e5 Bg7 11. e6 fxe6 12. Bd3 Nf8 {½-½ (52) Morozevich,A (2676)-Zvjaginsev,V (2643) Sochi 2017}) 5. Qd2 Bb7 6. f3 Nbd7 7. O-O-O c5 8. d5 ({Better is} 8. g4 $16) 8... a6 9. h4 $146 ({Predecessor:} 9. g4 b5 10. h4 h5 11. g5 Nh7 12. f4 {0-1 (41) Okuyaz,D (1607)-Yu,J Maribor 2012}) 9... h5 10. Nh3 b5 11. Ng5 Qa5 12. Kb1 Ne5 13. Ne2 Qc7 14. Nf4 Bc8 15. Be2 Bd7 16. Rhe1 Bg7 17. Nfh3 a5 18. Bf4 Nc4 $2 (18... O-O $15 {stays ahead.}) 19. Bxc4 $1 bxc4 20. e5 dxe5 21. Bxe5 Qb7 $2 (21... Qb6 22. d6 O-O 23. dxe7 Rfe8) 22. Nf4 $2 (22. d6 $18 O-O 23. dxe7) 22... O-O 23. Qe3 Qb5 24. Rh1 ({White should try} 24. Qc3 $16 Qb4 25. d6) 24... a4 ({Black should play} 24... Rfb8 $11) 25. Qa3 Bf5 26. Rhe1 Ra7 27. Ne4 Bxe4 28. fxe4 Qb4 29. Qxb4 cxb4 30. d6 e6 31. Rd4 Rc8 32. g3 {[%emt 0:01:43] [#]} (32. Bxf6 $11 Bxf6 33. e5) 32... Nd7 $1 33. Bxg7 Kxg7 34. e5 Ra5 35. Rde4 Rcc5 36. b3 axb3 ({And not} 36... Nxe5 {[#]} 37. c3 $1 $16 ) 37. axb3 cxb3 38. cxb3 Rxe5 39. Rxe5 Rxe5 40. Rxe5 Nxe5 41. Nd3 Nd7 ({Don't blunder} 41... Nxd3 $2 42. d7 $18) 42. Nxb4 f6 ({Black should try} 42... Kf6 $17 43. Nd3 e5) 43. Kc2 Kf7 44. Nd3 (44. Na6 $11) 44... e5 45. b4 Ke6 46. Nf2 Kxd6 47. Kd3 f5 48. Nh3 Kd5 49. Ng5 e4+ 50. Ke3 Kc4 51. Nxe4 fxe4 52. Kxe4 Kxb4 53. Kf4 {[%emt 0:00:15] [#]} Kc4 $2 (53... Nf8 $1 $19 54. g4 Ne6+ 55. Ke4 hxg4) 54. g4 $1 hxg4 55. Kxg4 Kd4 56. Kg5 Ne5 57. h5 $11 1/2-1/2

[Event "43rd Guernsey Festival 2017"]
[Site "Vale"]
[Date "2017.10.20"]
[Round "6"]
[White "Jongerius, Marc"]
[Black "Stanners, Michael J"]
[Result "1/2-1/2"]
[ECO "B07"]
[WhiteElo "1588"]
[BlackElo "1761"]
[Annotator "NA RC"]
[PlyCount "44"]
[EventDate "2017.??.??"]
[EventType "swiss"]
[EventCountry "GCI"]
[SourceTitle "playchess.com"]
[Source "ChessBase"]
[SourceQuality "1"]
[TimeControl "40/6000+30:2400+30"]

1. e4 d6 2. d4 Nf6 3. Nc3 c6 4. f4 Qa5 5. Bd3 e5 6. Nf3 Bg4 7. Be3 exf4 8. Bxf4 Qh5 9. e5 dxe5 10. dxe5 Nfd7 11. Ne4 Nxe5 12. Ng3 Nxd3+ 13. Qxd3 Qa5+ 14. Bd2 Qd5 15. Qe3+ Qe6 16. Ne5 Be7 17. Nxg4 Qxg4 18. O-O Qe6 19. Rae1 O-O 20. Qxe6 fxe6 21. Rxe6 Bc5+ 22. Be3 Nd7 1/2-1/2

[Event "43rd Guernsey Festival 2017"]
[Site "Vale"]
[Date "2017.10.21"]
[Round "7"]
[White "Mack, Wolfgang"]
[Black "Reijneveld, Ad"]
[Result "1-0"]
[ECO "A00"]
[WhiteElo "2149"]
[BlackElo "2078"]
[Annotator "NA"]
[PlyCount "72"]
[EventDate "2017.??.??"]
[EventType "swiss"]
[EventCountry "GCI"]
[SourceTitle "playchess.com"]
[Source "ChessBase"]
[SourceQuality "1"]
[TimeControl "40/6000+30:2400+30"]

1. g3 c5 2. Bg2 g6 3. e4 Bg7 4. d3 Nc6 5. c3 d6 6. Be3 {[%emt 0:04:20] B20: Sicilian: Unusual White 2nd moves} e6 {[%emt 0:05:04] LiveBook: 5 Games} ({Predecessor:} 6... Rb8 7. Ne2 e6 8. Qd2 b5 9. O-O Nge7 10. Bh6 O-O 11. Bxg7 Kxg7 {1-0 (33) Martin Fuentes,A (2301)-Castejon Caballero,A (2121) Badajoz 2013}) 7. Na3 $146 (7. f4 Nge7 8. Nf3 O-O 9. O-O b6 10. Nbd2 Bb7 11. Bf2 Qd7 12. Qe2 f5 13. Rad1 Rae8 14. Rfe1 Kh8 15. Nc4 e5 16. fxe5 Nxe5 17. Ncxe5 dxe5 18. exf5 Nxf5 {0-1 (32) Bartel,M (2641)-Riazantsev,A (2692) Dubai 2014}) 7... Nge7 8. Qd2 O-O 9. Ne2 Rb8 10. Bh6 b5 11. Bxg7 Kxg7 12. O-O a5 13. Nc2 b4 14. Ne3 Ba6 15. Ng4 Kh8 16. f4 f5 17. exf5 gxf5 18. Nf2 d5 19. d4 bxc3 20. bxc3 Qb6 21. dxc5 $2 {[%emt 0:02:23] [#]} (21. Rfe1 $11 {and White has nothing to worry.}) 21... Qb2 $1 ({Worse is} 21... Qxc5 22. Rfe1 $11) 22. Qxb2 Rxb2 23. Nd4 Bxf1 24. Bxf1 Nxd4 25. cxd4 Nc6 26. a4 (26. Nd3 {was necessary.} Rd2 27. Ne5 Nxd4 28. a4) 26... Rfb8 27. Bb5 Nxd4 28. Nd3 $19 Rd2 29. Rb1 Nf3+ 30. Kf1 Nxh2+ 31. Kg1 Nf3+ 32. Kf1 Rxd3 33. Rc1 Rb3 34. c6 Nd2+ 35. Kf2 Nc4 36. Ba6 Rb2+ 1-0

[Event "43rd Guernsey Festival 2017"]
[Site "Vale"]
[Date "2017.10.21"]
[Round "7"]
[White "Curtis, John E"]
[Black "Hewson, Brian W R"]
[Result "1/2-1/2"]
[ECO "D30"]
[WhiteElo "2093"]
[BlackElo "1995"]
[Annotator "NA"]
[PlyCount "46"]
[EventDate "2017.??.??"]
[EventType "swiss"]
[EventCountry "GCI"]
[SourceTitle "playchess.com"]
[Source "ChessBase"]
[SourceQuality "1"]
[TimeControl "40/6000+30:2400+30"]

1. d4 d5 2. Nf3 Nf6 3. e3 c6 4. c4 e6 5. Nbd2 Nbd7 6. Bd3 Bd6 7. O-O O-O 8. e4 dxe4 9. Nxe4 Nxe4 10. Bxe4 h6 11. Bc2 e5 {[%emt 0:04:24] LiveBook: 298 Games} 12. Re1 exd4 {[%emt 0:13:03] D46: Semi-Slav: 5 e3 Nbd7 6 Bd3, Black avoids the Meran} (12... Bb4 13. Re2 exd4 14. Qd3 Nf6 15. h3 Re8 16. Rxe8+ Qxe8 17. Bf4 Be6 18. Be5 c5 19. a3 Ba5 20. Bxf6 gxf6 {½-½ (35) Meier,G (2646)-Michiels,B (2535) Tromsoe 2014}) 13. Nxd4 Nf6 14. Qd3 Bb4 15. Rd1 Re8 $146 ({Predecessor:} 15... c5 16. Qb3 Qe7 17. Nf5 Bxf5 18. Bxf5 Rad8 19. Be3 Ba5 20. Qa3 {0-1 (40) Robiolle,J (2000)-Ollivier,J (1929) Muret 2009}) 16. Be3 Bf8 17. h3 a6 18. Qb3 Qc7 19. Rac1 c5 20. Ne2 Be6 21. Nf4 Bd6 22. Nxe6 Rxe6 $11 23. Qd3 Bf4 1/2-1/2

[Event "43rd Guernsey Festival 2017"]
[Site "Vale"]
[Date "2017.10.21"]
[Round "7"]
[White "Dilleigh, Stephen P"]
[Black "Hamperl, Fred"]
[Result "1/2-1/2"]
[ECO "B38"]
[WhiteElo "2063"]
[BlackElo "2062"]
[Annotator "NA RC"]
[PlyCount "22"]
[EventDate "2017.??.??"]
[EventType "swiss"]
[EventCountry "GCI"]
[SourceTitle "playchess.com"]
[Source "ChessBase"]
[SourceQuality "1"]
[TimeControl "40/6000+30:2400+30"]

1. Nf3 c5 2. c4 g6 3. e4 Bg7 4. d4 cxd4 5. Nxd4 Nc6 6. Be3 Nh6 7. Nc3 d6 8. Be2 f5 9. exf5 Nxf5 10. Nxf5 Bxf5 11. O-O O-O $14 {[%emt 0:01:12] LiveBook: 11 Games} 1/2-1/2

[Event "43rd Guernsey Festival 2017"]
[Site "Vale"]
[Date "2017.10.21"]
[Round "7"]
[White "Purdon, Colin"]
[Black "Kirby, Peter J"]
[Result "1-0"]
[ECO "E90"]
[WhiteElo "2047"]
[BlackElo "1996"]
[Annotator "NA RC"]
[PlyCount "39"]
[EventDate "2017.??.??"]
[EventType "swiss"]
[EventCountry "GCI"]
[SourceTitle "playchess.com"]
[Source "ChessBase"]
[SourceQuality "1"]
[TimeControl "40/6000+30:2400+30"]

1. d4 Nf6 2. c4 g6 3. Nc3 Bg7 4. e4 d6 5. Nf3 O-O 6. h3 e5 7. d5 Nh5 8. g3 {[%emt 0:00:35] E90: King's Indian: Classical: Early deviations and 6 h3} (8. Be3 Na6 9. a3 c5 10. dxc6 bxc6 11. b4 f5 12. Qa4 c5 13. Rd1 Bb7 14. bxc5 f4 15. c6 fxe3 16. cxb7 exf2+ 17. Kd2 Nc5 18. bxa8=Q Qxa8 {0-1 (18) Kovalenko,I (2684)-Mamedov,R (2688) Tallinn 2016}) 8... f5 9. exf5 gxf5 10. Ng5 Nf6 11. Bg2 {[%emt 0:02:40] LiveBook: 7 Games} a5 {[%emt 0:03:52] [#]} (11... Qe7 $11) 12. g4 $1 $146 ({Predecessor:} 12. Be3 Qe7 13. Qe2 Na6 14. O-O h6 15. Nf3 Bd7 {½-½ (50) Gordon,S (2508)-Calzetta Ruiz,M (2264) Liverpool 2008}) 12... Na6 13. Ne6 Bxe6 14. dxe6 fxg4 $2 (14... Ne4 $16 {was worth a try.}) 15. hxg4 h6 16. Bxh6 Bxh6 17. Rxh6 Qe7 18. g5 Qg7 19. Ne4 Nh7 20. Qh5 $18 1-0

[Event "43rd Guernsey Festival 2017"]
[Site "Vale"]
[Date "2017.10.21"]
[Round "7"]
[White "Bowmer, Kevin"]
[Black "Johnsen, Gunnar"]
[Result "1-0"]
[ECO "C06"]
[WhiteElo "2041"]
[BlackElo "2178"]
[Annotator "NA"]
[PlyCount "51"]
[EventDate "2017.??.??"]
[EventType "swiss"]
[EventCountry "GCI"]
[SourceTitle "playchess.com"]
[Source "ChessBase"]
[SourceQuality "1"]
[TimeControl "40/6000+30:2400+30"]

1. e4 e6 2. d4 d5 3. Nd2 Nf6 4. e5 Nfd7 5. c3 c5 6. Bd3 Nc6 7. Ne2 cxd4 8. cxd4 f6 9. exf6 Nxf6 10. O-O Bd6 11. Nf3 O-O 12. Bf4 Nh5 13. Bxd6 {[%emt 0:06:20] C06: French Tarrasch: 3...Nf6 4 e5 Nfd7 5 Bd3 main lines} Qxd6 {[%emt 0:00:26] LiveBook: 60 Games} 14. Rc1 Rxf3 15. gxf3 Bd7 16. Rc3 Rf8 17. Re1 {[%emt 0:15:15] [#]} Nf4 $146 ({Predecessor:} 17... a6 18. Qd2 Be8 19. Bb1 Rf6 20. f4 Bf7 {1-0 (43) Savchenko,B (2632)-Ponomariov,R (2744) Moscow 2010}) 18. Bb5 Nh3+ 19. Kg2 e5 20. Bxc6 bxc6 21. dxe5 Qxe5 22. Qd4 Nf4+ 23. Kh1 Qe7 (23... Qxd4 $16 24. Nxd4 c5) 24. Re3 ({Less strong is} 24. Qxa7 Nh3 $16) 24... Ne6 25. Qxa7 c5 $18 (25... Qd6 {was worth a try.} 26. Nd4 Nxd4 27. Qxd4 c5) 26. Nf4 1-0

[Event "43rd Guernsey Festival 2017"]
[Site "Vale"]
[Date "2017.10.21"]
[Round "7"]
[White "Kraft, Karl-Heinz"]
[Black "Timmermans, Ivo"]
[Result "0-1"]
[ECO "C47"]
[WhiteElo "2036"]
[BlackElo "2126"]
[Annotator "NA"]
[PlyCount "85"]
[EventDate "2017.??.??"]
[EventType "swiss"]
[EventCountry "GCI"]
[SourceTitle "playchess.com"]
[Source "ChessBase"]
[SourceQuality "1"]
[TimeControl "40/6000+30:2400+30"]

1. e4 e5 2. Nc3 Nf6 3. Nf3 Nc6 4. d4 exd4 5. Nd5 Nxe4 6. Bc4 {[%emt 0:00:11] C47: Scotch Four Knights and Four Knights with 4 g3} Be7 (6... Bb4+ $5 7. Nxb4 (7. c3 dxc3 8. O-O O-O 9. Re1 Nd2 10. Bd3 c2 11. Bxh7+ Kxh7 12. Qxc2+ Kg8 13. Bxd2 Bxd2 14. Qxd2 {½-½ (33) Kraft,K (2630)-Read,M (2571) ICCF corr 1999}) 7... Nxb4 $15) 7. O-O O-O 8. Nxd4 {[%emt 0:00:26] LiveBook: 3 Games} Nf6 9. Nxc6 dxc6 10. Nxe7+ Qxe7 11. Re1 Qc5 $146 ({Predecessor:} 11... Qd6 12. Qf3 Bg4 13. Qb3 b5 14. Bd3 Rfe8 {1-0 (54) Hoffmann,L (2157)-Heimann,A (2095) playchess.com INT 2005}) 12. Qd3 Bf5 13. Qc3 Qd6 14. Be3 Ng4 15. g3 Nxe3 16. Rxe3 Qd7 17. Bd3 Rfe8 18. Rae1 Rxe3 19. Rxe3 Be6 20. Qb4 b6 21. Qh4 g6 22. Qf6 c5 23. h4 Qd4 ({Bitte nicht} 23... Bxa2 $6 24. b3 $14) 24. Qg5 c4 ({Bloß nicht} 24... Bxa2 25. b3 $11) (24... Qxb2 $19 25. h5 Bxa2 26. hxg6 hxg6) 25. Be4 Re8 $17 26. c3 Qd8 27. Qh6 Qd1+ 28. Kh2 Rd8 29. Bxg6 hxg6 30. Rxe6 Qf3 31. Qe3 Qxe3 32. Rxe3 Rd2 33. Kg2 Rxb2 34. Re7 Rxa2 35. Rxc7 b5 36. Rb7 a6 37. Ra7 Ra3 38. Kf1 Rxc3 39. Rxa6 b4 40. Rb6 b3 41. Ke2 Rc2+ 42. Ke3 b2 43. Kd4 0-1

[Event "43rd Guernsey Festival 2017"]
[Site "Vale"]
[Date "2017.10.21"]
[Round "7"]
[White "Vorstermans, Peter"]
[Black "Maloberti, David"]
[Result "1/2-1/2"]
[ECO "C00"]
[WhiteElo "2007"]
[BlackElo "2132"]
[Annotator "NA"]
[PlyCount "80"]
[EventDate "2017.??.??"]
[EventType "swiss"]
[EventCountry "GCI"]
[SourceTitle "playchess.com"]
[Source "ChessBase"]
[SourceQuality "1"]
[TimeControl "40/6000+30:2400+30"]

1. e4 e6 2. Qe2 c5 3. Nf3 Nc6 4. g3 Nge7 5. Bg2 {[%emt 0:04:13] C00: French: Unusual White 2nd moves} d5 6. d3 dxe4 (6... g6 7. O-O Bg7 8. e5 b6 9. c3 h6 10. h4 Qc7 11. Re1 Bb7 12. Na3 a6 13. Nc2 a5 14. a4 Ba6 15. Na3 Na7 16. c4 Rd8 17. Nb5 Nxb5 18. cxb5 {1-0 (38) Svetushkin,D (2546)-Pavlov,S (2502) Corund 2017}) 7. dxe4 Nd4 8. Nxd4 cxd4 {[%emt 0:00:09] LiveBook: 11 Games} 9. O-O Nc6 (9... e5 $11) 10. f4 (10. e5 $1 $14) 10... Bc5 $146 ({Predecessor:} 10... Be7 11. e5 Qb6 12. Kh1 Bd7 13. Rd1 {0-1 (46) Bujupi,F (2240)-Huss,A (2325) Biel 1997}) 11. Kh1 O-O 12. Nd2 b6 13. e5 Bb7 14. Ne4 Be7 15. a3 a5 16. Rd1 Qc7 17. Bd2 Ba6 18. Qg4 Kh8 19. Qh5 Rad8 20. Rac1 Bc4 21. g4 f6 22. exf6 Bxf6 23. g5 g6 24. Qg4 Bg7 25. b3 Bd5 26. Re1 Qf7 27. Rf1 Qe7 28. a4 Nb4 29. Nf2 $15 Nc6 30. Nd3 Rf5 31. Rfe1 Qf7 32. Re2 e5 33. Bxd5 Qxd5+ 34. Qg2 Qxg2+ 35. Kxg2 exf4 36. Bxf4 Nb4 37. Bd2 Nd5 38. h4 Kg8 39. Rf1 Rdf8 40. Rxf5 Rxf5 1/2-1/2

[Event "43rd Guernsey Festival 2017"]
[Site "Vale"]
[Date "2017.10.21"]
[Round "7"]
[White "Munshi, Aditya"]
[Black "Whatley, Stephen A J"]
[Result "0-1"]
[ECO "B30"]
[WhiteElo "1986"]
[BlackElo "2159"]
[Annotator "NA"]
[PlyCount "59"]
[EventDate "2017.??.??"]
[EventType "swiss"]
[EventCountry "GCI"]
[SourceTitle "playchess.com"]
[Source "ChessBase"]
[SourceQuality "1"]
[TimeControl "40/6000+30:2400+30"]

1. e4 c5 2. Nf3 Nc6 3. Bb5 e6 4. Bxc6 bxc6 5. b3 d6 6. e5 {[%emt 0:00:22] B30: Sicilian: 2...Nc6 3 Bb5, lines without ...g6} dxe5 {[%emt 0:00:20] LiveBook: 20 Games} 7. Nxe5 Qg5 8. Ng4 f5 {[%emt 0:01:23] [#]} 9. Qf3 $1 fxg4 10. Qxc6+ Kf7 (10... Kd8 $11 {keeps the balance.} 11. Qxa8 Qe5+ 12. Kd1 Qxa1) 11. Qxa8 Qe5+ 12. Kd1 Qc7 {[%emt 0:00:43] [#]} (12... Qxa1 $16 13. Qxc8 Qxb1) 13. Qe4 $1 Nf6 {[%emt 0:03:04] [#]} 14. Qe2 $146 Bb7 15. f3 gxf3 16. gxf3 Qf4 17. d3 Qxf3 18. Rf1 Qxe2+ 19. Kxe2 Bd6 20. Nd2 Bxh2 21. Nc4 h5 {[%emt 0:20:54] [#]} 22. Bf4 $1 Bxf4 23. Rxf4 g5 24. Ne5+ Kg7 25. Rg1 g4 26. Ra4 a6 27. Rc4 Rc8 28. Kd1 Nd5 29. Kc1 Ne3 30. Rf4 $11 0-1